cohdb
Replays
Latest Replays
All Replays
Popular Replays
Top Player Replays
Match Explorer
How It Works
Community
CoH3 Stats
Reddit
Sign in to upload your games and track your stats! →
Sign in with Steam
Match 22794614
Unlisted
Match 22794614
Overview
Messages
Build Orders
End
Kettenkrad Recon Vehicle
Construct Infanterie Kompanie
Grenadier Squad
Grenadier Squad
Grenadier Squad
Grenadier Squad
MG 42 Machine Gun Team
Construct Panzergrenadier Kompanie
Selects Mechanized Battlegroup
251 Medium Carrier
Selects Raid Package
Construct Panzer Kompanie
Panzergrenadier Squad
Selects 8 Rad Armored Car
MG 42 Machine Gun Team
Sturmpanzer IV Brummbär
Selects UNKNOWN (2160084)
Medical Station
Pak 40 Anti-tank Gun Team
Selects Spotting Scopes
Panther Heavy Tank
Selects Wespe Self-propelled Artillery
Pioneer Squad
Pioneer Squad
Selects Zeroing Artillery Barrage
Wespe Self-propelled Artillery
Panzer IV Medium Tank
Wespe Self-propelled Artillery
Pioneer Squad
Pioneer Squad
Side Skirts
Stoßtruppen Squad
Panzer Officer Quarters
Panther Heavy Tank
Panzer IV Medium Tank
Pioneer Squad
DanBruhhDan
MuchShiba
Ripsy
Shadowfoxsky
Hones
ShashiiDaSlime
0
0
Comments
sign in to comment!
No comments posted yet!